 Dungeon Crawl Stone Soup version 0.31-a0-700-gf13585253f (webtiles) character file.

Game seed: 12410488884470024580

126 qw the Shooter (level 5, -5/32 HPs)
             Began as a Gargoyle Hunter on Sept 7, 2023.
             Slain by a black bear (8 damage)
             ... on level 5 of the Dungeon.
             The game lasted 00:00:53 (2458 turns).

qw the Shooter (Gargoyle Hunter)                    Turns: 2458, Time: 00:00:54

Health: -5/32      AC:  9    Str: 14    XL:     5   Next: 10%
Magic:  5/5        EV: 11    Int: 10    God:
Gold:   176        SH:  5    Dex: 15    Spells: 4/4 levels left

rFire   . . .        Y - +0 shortbow
rCold   . . .        (shield currently unavailable)
rNeg    + . .        m - +2 leather armour {Will+}
rPois   inf          (no helmet)
rElec   +            (no cloak)
rCorr   .            (no gloves)
SInv    .            (no boots)
Will    ++...        k - amulet of reflection
Stlth   ++           i - ring of willpower
HPRegen 0.25/turn    (no ring)
MPRegen 0.09/turn

%: reflection
@: no status effects
A: sickness immunity, AC +4, negative energy resistance 1, electricity
resistance, torment resistance 1, petrification resistance
a: no special abilities


You were on level 5 of the Dungeon.
You visited 1 branch of the dungeon, and saw 5 of its levels.

You collected 176 gold pieces.


Innate Abilities, Weirdness & Mutations

You are immune to sickness and miasma.
Your stone body is resilient. (AC +4)
You are immune to poison.
You resist negative energy. (rN+)
You are resistant to electric shocks. (rElec)
You are resistant to unholy torment.
You are immune to petrification.


   Skills:
 - Level 3.0 Fighting
 + Level 5.7 Ranged Weapons
 - Level 1.4 Armour
 - Level 1.5 Dodging
 - Level 1.1 Stealth


You had 4 spell levels left.
You didn't know any spells.
Your spell library was empty.

Inventory:

Hand Weapons
 Y - a +0 shortbow (weapon)
Armour
 m - a +2 leather armour of willpower (worn)
Jewellery
 i - a ring of willpower (left hand)
 k - an amulet of reflection (around neck)
Scrolls
 g - a scroll of identify
Potions
 b - a potion of curing
 c - a potion of haste {unknown}
 d - a potion of degeneration {unknown}
 e - a potion of cancellation
 f - a potion of heal wounds {unknown}
 l - a potion of brilliance {unknown}

Dungeon Overview and Level Annotations

Branches:
Dungeon (5/15)
 Temple: D:4-7

Altars:
Fedhas
Uskayaw

Shops:
D:2 :


Message History

The arrow hits the black bear but does no damage.
The black bear is heavily wounded.
The black bear misses you. You block the black bear's attack.
The black bear closely misses you. The black bear bites you.
You block the black bear's attack. The black bear barely misses you.
You shoot an arrow. The arrow hits the black bear!
The black bear is almost dead.
The black bear goes berserk!
You shoot an arrow. The arrow barely misses the black bear.
The black bear barely misses you.
The black bear claws you but does no damage.
You block the black bear's attack.
You shoot an arrow.
The arrow completely misses the black bear.
The black bear bites you. The black bear closely misses you.
You block the black bear's attack. x2; The black bear misses you.
The black bear barely misses you.
You shoot an arrow. The arrow hits the black bear.
The black bear is almost dead.
The black bear barely misses you.
The black bear claws you but does no damage. x2
The black bear bites you!
The black bear claws you but does no damage.
The black bear closely misses you.
You shoot an arrow. The arrow barely misses the black bear.
The black bear bites you. The black bear misses you.
The black bear claws you but does no damage.
The black bear closely misses you. The black bear claws you.
The black bear barely misses you.
You shoot an arrow.
The arrow closely misses the black bear.
The black bear barely misses you.
The black bear claws you but does no damage. x2
The black bear bites you.
The black bear claws you but does no damage.
You block the black bear's attack.
You shoot an arrow.
The arrow closely misses the black bear.
The black bear bites you!
You die...

## .## .. ...
.######.#
.......#
#.#....#
#.#....#
##..[...#
#...(...#
#.##.#@?#
#.##.h..#
#.##.####..#
#....<# #...#
####..# #.#.#
.....##.#.#
.........+#..
#.#.####....
... # #.
##....


You could see a black bear (berserk).

Vanquished Creatures
  An iguana (D:4)
  A gnoll (D:1)
  4 adders
  A worm (D:3)
  A dart slug (D:2)
  3 ball pythons
  3 bats
  3 endoplasms
  2 giant cockroaches
  7 goblins
  8 hobgoblins
  A quokka (D:1)
  4 frilled lizards
  7 kobolds
  5 rats
51 creatures vanquished.

Notes
Turn   | Place    | Note
-------+----------+-------------------------------------------
     0 | D:1      | qw the Gargoyle Hunter began the quest for the Orb.
     0 | D:1      | Reached XP level 1. HP: 12/12 MP: 1/1
     0 | D:1      | 0 ||| qw: Version: 0.3-a-76-g4403597
     0 | D:1      | 0 ||| qw: Game counter: 686
     0 | D:1      | 0 ||| qw: Melee chars always use a shield: true
     0 | D:1      | 0 ||| qw: God list: Okawaru
     0 | D:1      | 0 ||| qw: Allow faded altars: false
     0 | D:1      | 0 ||| qw: Do Orc after clearing Dungeon:15 true
     0 | D:1      | 0 ||| qw: Do second Lair branch before Depths: true
     0 | D:1      | 0 ||| qw: Lair rune preference: random
     0 | D:1      | 0 ||| qw: Goals: Normal
     0 | D:1      | 0 ||| PLANNING D:1-11
    45 | D:1      | Reached XP level 2. HP: 17/17 MP: 2/2
    90 | D:1      | 90 ||| DROPPING +2 sling of flaming.
   534 | D:1      | Reached XP level 3. HP: 21/21 MP: 3/3
   664 | D:1      | 664 ||| UPGRADING to +0 ring mail.
   674 | D:1      | 674 ||| DROPPING +0 leather armour.
   675 | D:1      | 675 ||| READING scroll labelled KANOPL NAETILL.
   676 | D:1      | 676 ||| READING 2 scrolls labelled QOROIZXE LIERE.
   677 | D:1      | 677 ||| READING scroll labelled OSUH VIPUO.
   678 | D:1      | 678 ||| DROPPING scroll of butterflies.
   679 | D:1      | 679 ||| DROPPING scroll of fear.
   762 | D:2      | Identified the +1 spear of Nolo Contendere {flame, Int+4}
   768 | D:2      | Found Imeoh's Book Boutique.
   853 | D:2      | Reached skill level 1 in Armour
   883 | D:2      | Reached skill level 5 in Ranged Weapons
   900 | D:2      | Reached XP level 4. HP: 23/27 MP: 4/4
   971 | D:2      | Reached skill level 3 in Fighting
  1161 | D:2      | 1161 ||| READING scroll labelled MINAME ENAS.
  1162 | D:2      | 1162 ||| READING scroll labelled XAPPEQOTZE.
  1327 | D:3      | Found a faded altar of an unknown god.
  1644 | D:3      | Found a blossoming altar of Fedhas.
  1699 | D:3      | 1699 ||| UPGRADING to amulet of reflection.
  1704 | D:3      | 1704 ||| UPGRADING to ring of willpower.
  1705 | D:3      | 1705 ||| READING scroll labelled PAM RAENUI.
  1770 | D:4      | HP: 7/28 [iguana (7)]
  1773 | D:4      | HP: 2/28 [iguana (3)]
  1776 | D:4      | 1776 ||| STAIRDANCE
  2011 | D:4      | Reached XP level 5. HP: 32/32 MP: 5/5
  2203 | D:4      | Found a hide-covered altar of Uskayaw.
  2395 | D:4      | 2395 ||| UPGRADING to +2 leather armour of willpower.
  2405 | D:4      | 2405 ||| DROPPING +0 ring mail.
  2406 | D:4      | 2406 ||| READING scroll labelled MEEROEHUTO.
  2407 | D:4      | 2407 ||| READING scroll labelled ZUTOIR XEBAN.
  2411 | D:4      | 2411 ||| DRINKING 2 bubbling ruby potions.
  2412 | D:4      | 2412 ||| DRINKING 2 bubbling grey potions.
  2413 | D:4      | 2413 ||| READING 2 scrolls of identify.
  2413 | D:4      | 2413 ||| IDENTIFYING dark potion
  2414 | D:4      | 2414 ||| DROPPING potion of ambrosia.
  2434 | D:5      | Entered Level 5 of the Dungeon
  2443 | D:5      | Noticed a black bear
  2456 | D:5      | HP: 5/32 [black bear (5)]
  2457 | D:5      | HP: 2/32 [black bear (3)]
  2458 | D:5      | Slain by a black bear

Levels and vault maps discovered:
D:1:      shiori_arrival_maze, layout_loops_ring, due_unseen_surprise
D:2:      layout_rooms, serial_shops, shop, minmay_surrounded
D:3:      layout_loops_ring, fedhas_altar_1,
          shapermc_ecumenical_altar_mp_ritualfount
D:4:      layout_basic, nicolae_uskayaw_dance_hall
D:5:      layout_basic, temple_fountains, hangedman_decor_opposing,
          minmay_misc_feat_x

Skill      XL: |  1  2  3  4 |
---------------+-------------+-----
Armour         | 1 |  1.4
Ranged Weapons | 5 |  5.7
Fighting       | 3 |  3.0
Dodging        | |  1.5
Stealth        | |  1.1

Action                     |  1- 3 |  4- 6 || total
---------------------------+-------+-------++-------
   Fire: Shortbow          |   103 |    84 ||   187
    Use: Scroll            |     3 |     6 ||     9
         Potion            |       |     2 ||     2
 Armour: Leather armour    |     7 |    22 ||    29
         Ring mail         |    28 |    20 ||    48
  Dodge: Dodged            |    21 |    35 ||    56
  Block: Other             |       |    13 ||    13

Table legend:
 A = Non-vault XP
 B = Vault XP
 C = Vault XP percentage of total XP
 D = Non-vault monster count
 E = Vault monster count
 F = Vault count percentage of total count
                 A         B        C        D         E       F
            +---------+---------+-------+---------+---------+-------
      Total |     167 |      14 |   7.7 |      44 |       7 |  13.7
            +---------+---------+-------+---------+---------+-------
        D:1 |      31 |       3 |   8.8 |      11 |       2 |  15.4
        D:2 |      62 |      11 |  15.1 |      17 |       5 |  22.7
        D:3 |      15 |       0 |   0.0 |       8 |       0 |   0.0
        D:4 |      59 |       0 |   0.0 |       8 |       0 |   0.0
            +---------+---------+-------+---------+---------+-------
